 Dungeon Crawl Stone Soup version 0.21-a0-241-g2cbab09 (webtiles) character file.

182 Herrn the Firebug (level 5, -4/45 HPs)
             Began as a Naga Fire Elementalist on Sept 3, 2017.
             Slain by a hippogriff (8 damage)
             ... on level 4 of the Dungeon.
             The game lasted 00:08:03 (2219 turns).

Herrn the Firebug (Naga Fire Elementalist)          Turns: 2219, Time: 00:08:03

Health: -4/45      AC:  2    Str: 10    XL:     5   Next: 61%
Magic:  9/9        EV: 10    Int: 15    God:
Gold:   244        SH:  0    Dex: 13    Spells: 4/9 levels left

rFire    . . .     SeeInvis +   (no weapon)
rCold    . . .     Gourm    .   (no shield)
rNeg     . . .     Faith    .   a - +0 robe
rPois    +         Spirit   .   (no helmet)
rElec    .         Reflect  .   (no cloak)
rCorr    .         Harm     .   (no gloves)
MR       .....                  (no barding)
Stlth    +++.......             (no amulet)
HPRegen  0.15/turn              d - ring of stealth
MPRegen  0.11/turn              (no ring)

@: very slightly contaminated, very slow
A: see invisible, deformed body, poison resistance, slowness 2, slow metabolism
1, spit poison 1, AC +1
a: Spit Poison


You were on level 4 of the Dungeon.
You were hungry.

You visited 1 branch of the dungeon, and saw 4 of its levels.

You collected 244 gold pieces.

Inventory:

Hand Weapons
 u - a +2 flail of draining
Armour
 a - a +0 robe (worn)
 i - a +0 shield
Jewellery
 d - a ring of stealth (left hand)
Wands
 m - a wand of confusion (22/48)
Scrolls
 g - a scroll of magic mapping
 h - a scroll of enchant weapon
 n - 2 scrolls of remove curse
 x - a scroll of identify
Potions
 e - 3 potions of berserk rage
 o - a potion of might {unknown}
 p - a potion of curing
 r - a potion of brilliance {unknown}
 s - a potion of magic
 v - a potion of haste
 w - a potion of mutation {unknown}
Books
 b - a book of Flames

   Spells                             Type                      Level
   a - Flame Tongue                   Conjuration/Fire             1
   b - Throw Flame                    Conjuration/Fire             2
   c - Conjure Flame                  Conjuration/Fire             3
   d - Inner Flame                    Hexes/Fire                   3
   e - Sticky Flame                   Conjuration/Fire             4
   f - Fireball                       Conjuration/Fire             5
 t - a book of Minor Magic

   Spells                             Type                      Level
   a - Magic Dart                     Conjuration                  1
   b - Blink                          Translocation                2
   c - Call Imp                       Summoning                    2
   d - Slow                           Hexes                        2
   e - Conjure Flame                  Conjuration/Fire             3
   f - Mephitic Cloud                 Conjuration/Poison/Air       3
Comestibles
 c - a bread ration
 f - 5 meat rations
 q - a royal jelly


   Skills:
 * Level 2.0 Fighting
 + Level 1.9 Dodging
 + Level 3.9 Stealth
 + Level 2.9 Spellcasting
 + Level 1.5 Conjurations
 + Level 4.3 Fire Magic


You had 4 spell levels left.
You knew the following spells:

 Your Spells              Type           Power        Failure   Level  Hunger
a - Flame Tongue          Conj/Fire      ##...        6%          1    #......
b - Sticky Flame          Conj/Fire      ##......     52%         4    #####..


Dungeon Overview and Level Annotations

Branches:
Dungeon (4/15)
 Temple: D:4-7

Altars:
Elyvilon
Fedhas
Sif Muna
Trog


Innate Abilities, Weirdness & Mutations

You cannot wear boots.
Your serpentine skin is tough. (AC +1)
You have supernaturally acute eyesight. (SInv)
Armour fits poorly on your strangely shaped body.
Your system is resistant to poisons. (rPois)
You cover ground very slowly.
You have a slow metabolism.
You can spit poison.


Message History

The spell is very dangerous to cast!
Continue anyway?
Okay, then.
Unknown command.
As you read the scroll labeled DOAXYD IKEEGU, it crumbles to dust.
It is a scroll of recharging.
Charge which item? (? for menu, Esc to quit)
Really abort (and waste the scroll)? [Y]es or [N]o only, please.
Really abort (and waste the scroll)? [Y]es or [N]o only, please.
Really abort (and waste the scroll)?
Okay, then.
The hippogriff burns!
The hippogriff closely misses you. The hippogriff barely misses you.
The hippogriff claws you.
* * * LOW HITPOINT WARNING * * *
Unknown command.
As you read the scroll labeled MAK XU KIOLI, it crumbles to dust.
The creatures around you are filled with an inner flame!
It was a scroll of immolation.
The hippogriff burns!
The hippogriff bites you!
You die...

#.##.########
............#
......#####.#
#.##. #H# #
#@# #.# #.#
#.#
######.#..
#.#
#...).(...
#.#
#.#.####..
#.# #.#H# #.#
#.#..


You could see a hippogriff (inner flame).

Vanquished Creatures
  An orc priest (D:4)
  Ijyb (D:3)
  A worker ant (D:4)
  A hound skeleton (D:4)
  3 adders
  An ooze (D:3)
  2 worms (D:2)
  A leopard gecko (D:1)
  3 orcs (D:3)
  3 bats
  3 giant cockroaches
  7 goblins
  10 hobgoblins
  A quokka (D:3)
  A ball python (D:1)
  3 frilled lizards
  4 kobolds
  7 rats
53 creatures vanquished.

Notes
Turn   | Place    | Note
-------+----------+-------------------------------------------
     0 | D:1      | Herrn the Naga Fire Elementalist began the quest for the Orb.
     0 | D:1      | Reached XP level 1. HP: 15/15 MP: 3/3
   285 | D:1      | Reached XP level 2. HP: 24/24 MP: 5/5
   513 | D:2      | Reached skill level 1 in Fighting
   513 | D:2      | Reached XP level 3. HP: 31/31 MP: 4/6
  1153 | D:2      | Reached XP level 4. HP: 30/38 MP: 1/7
  1347 | D:3      | Noticed Ijyb
  1355 | D:3      | Killed Ijyb
  1436 | D:3      | Reached skill level 4 in Fire Magic
  1560 | D:3      | Found a bloodstained altar of Trog.
  1562 | D:3      | Found a blossoming altar of Fedhas.
  1564 | D:3      | Found a white marble altar of Elyvilon.
  1665 | D:3      | Reached XP level 5. HP: 45/45 MP: 7/9
  1680 | D:3      | Found a deep blue altar of Sif Muna.
  1843 | D:4      | Found a blossoming altar of Fedhas.
  1912 | D:4      | Noticed a hippogriff
  1921 | D:4      | Learned a level 4 spell: Sticky Flame
  2219 | D:4      | Slain by a hippogriff

Vault maps used:
D:1:      minmay_arrival_four_circles, minivault_19
D:2:      minmay_misc_feat_encased, grunt_ministairs_8
D:3:      gammafunk_temple_overflow_forgotten, lemuel_blue_sif_altar, uniq_ijyb
D:4:      minmay_temple_entry_junction_2, fedhas_altar_3

Skill      XL: |  1  2  3  4  5 |
---------------+----------------+-----
Fighting       | 1 2 |  2.0
Fire Magic     | 4 |  4.3
Dodging        | |  1.9
Stealth        | |  3.9
Spellcasting   | |  2.9
Conjurations   | |  1.5

Action                   |  1- 3 |  4- 6 || total
-------------------------+-------+-------++-------
Melee: Unarmed           |     4 |     8 ||    12
 Cast: Flame Tongue      |    24 |    31 ||    55
       Sticky Flame      |       |     1 ||     1
 Abil: Spit Poison       |    37 |    18 ||    55
  Use: Scroll            |       |    11 ||    11
       Potion            |       |     1 ||     1
  Eat: Chunk             |     3 |     3 ||     6
Armor: Robe              |     2 |     4 ||     6
Dodge: Dodged            |    11 |    20 ||    31

Table legend:
 A = Spawn XP
 B = Non-spawn XP
 C = Spawn XP percentage of total XP
 D = Spawn monster count
 E = Non-spawn monster count
 F = Spawn count percentage of total count
 G = Total turns spent on level
                    A         B        C        D         E        F      G
               +---------+---------+-------+---------+---------+-------+---------
         Total |      63 |     197 |  24.2 |       8 |      45 |  15.1 |  2219
               +---------+---------+-------+---------+---------+-------+---------
           D:1 |       4 |      19 |  17.4 |       3 |      11 |  21.4 |   502
           D:2 |       3 |      65 |   4.4 |       2 |      22 |   8.3 |   770
           D:3 |      15 |      60 |  20.0 |       2 |      10 |  16.7 |   478
           D:4 |      41 |      53 |  43.6 |       1 |       2 |  33.3 |   469
               +---------+---------+-------+---------+---------+-------+---------
